 Dungeon Crawl Stone Soup version 0.14-a0-848-g57a047c (webtiles) character file.

32008 Malachi the Nimble (level 13, 0/90 HPs)
             Began as a Demonspawn Transmuter on Nov 14, 2013.
             Was the Champion of Kikubaaqudgha.
             Slain by a yak (1 damage)
             ... on Level 5 of the Lair of Beasts.
             The game lasted 01:01:38 (19017 turns).

Malachi the Nimble (Demonspawn Transmuter)         Turns: 19017, Time: 01:01:39

HP   0/90        AC 15     Str 15      XL: 13   Next: 24%
MP  21/22        EV 18     Int 20      God: Kikubaaqudgha [******]
Gold 863         SH  0     Dex 13      Spells:  5 memorised,  6 levels left

Res.Fire  : . . .   See Invis. : .     - Unarmed
Res.Cold  : . . .   Warding    : .   A - +2 robe {rN+}
Life Prot.: + . .   Conserve   : .   (no shield)
Res.Poison: .       Res.Corr.  : .   (no helmet)
Res.Elec. : .       Clarity    : +   h - +0 cloak
Sust.Abil.: . .     Spirit.Shd : .   (no gloves)
Res.Mut.  : .       Stasis     : .   t - +1 pair of boots
Res.Rott. : .       Flight     : .   O - amulet of clarity
Saprovore : . . .                    d - ring of Equivalence {Wiz Str+2 Int+4}
                                     s - +5 ring of protection

@: somewhat resistant to hostile enchantments, unstealthy
A: hooves 2, blurry vision 1, demonic guardian 1, powered by death 2, screaming
2, AC +3, Int -2
a: Receive Corpses, Torment, Renounce Religion


You were on level 5 of the Lair of Beasts.
You worshipped Kikubaaqudgha.
Kikubaaqudgha was exalted by your worship.
You were not hungry.

You visited 2 branches of the dungeon, and saw 15 of its levels.

You collected 863 gold pieces.

Inventory:

Missiles
 b - 65 arrows
 i - 21 arrows of frost
Armour
 h - a +0 cloak (worn)
 t - a +1 pair of boots (worn)
 A - a +2 robe of positive energy (worn)
Magical devices
 k - a wand of fire (0)
 m - a wand of disintegration (5)
Comestibles
 a - 12 bread rations
 g - 3 meat rations
 K - 5 beef jerkies
 P - 11 honeycombs
Scrolls
 f - a scroll of magic mapping
 j - 5 scrolls of teleportation
 l - a scroll of fog
 u - 7 scrolls of remove curse
Jewellery
 d - the ring of Equivalence (right hand) {Wiz Str+2 Int+4}
   (You found it on level 2 of the Lair of Beasts)

   [ring of wizardry]

   It affects your strength (+2).
   It affects your intelligence (+4).
 e - an uncursed ring of sustain abilities {unknown}
 n - an uncursed ring of magical power
 o - an uncursed ring of protection from magic
 p - an uncursed amulet of the gourmand {unknown}
 s - a +5 ring of protection (left hand)
 v - a +3 ring of dexterity {unknown}
 D - an uncursed ring of magical power
 E - the ring of Lehoh {+Blink +Fly rC++}
   (You found it on level 1 of the Lair of Beasts)

   [ring of flight]

   It greatly protects you from cold.
   It lets you blink.
 F - an uncursed ring of protection from cold
 O - an amulet of clarity (around neck)
Potions
 c - a potion of berserk rage
 q - a potion of heal wounds
 x - a potion of flight
 J - 2 potions of speed
 L - 3 potions of curing
Magical staves
 r - an uncursed staff of earth


   Skills:
 + Level 6.0 Fighting
 - Level 0.1 Throwing
 + Level 10.4 Dodging
 - Level 0.4 Stealth
 * Level 9.9 Unarmed Combat
 * Level 4.1 Spellcasting
 * Level 7.0 Necromancy
 * Level 9.1 Transmutations
 - Level 7.5 Ice Magic
 - Level 4.0 Poison Magic
 - Level 0.2 Evocations


You had 6 spell levels left.
You knew the following spells:

 Your Spells              Type           Power        Failure   Level  Hunger
a - Beastly Appendage     Trmt           #####.       1%          1    None
b - Sticks to Snakes      Trmt           #####.....   1%          2    #......
c - Spider Form           Trmt/Pois      ####......   1%          3    ###....
d - Ice Form              Ice/Trmt       #####.....   2%          4    ####...
e - Animate Dead          Necr           N/A          3%          4    ####...


Dungeon Overview and Level Annotations

Branches:
Dungeon (10/16) Temple (0/1) D:7 Orc (0/4) D:8 Lair (5/8) D:10 Shoals (0/5) Lair:4 Lair:5 Spider (0/5) Lair:3

Altars:
Elyvilon
Fedhas
Kikubaaqudgha
Makhleb
Nemelex Xobeh
Okawaru
Vehumet
Zin

Shops:
D:5 *

Annotations:
D:8 nOtime's ghost, experienced MiMo


Innate Abilities, Weirdness & Mutations

You have hoof-like feet.*
You are mostly covered in yellow scales (AC +3).*
A weak demonic guardian rushes to your aid.
You can steal the life force of defeated enemies.
Your vision is a little blurry.
You are dopey. (Int -2)
You sometimes yell uncontrollably.


Message History

The yak is severely wounded.
The hound bites you. The yak closely misses you. The yak gores you!
* * * LOW HITPOINT WARNING * * *
The yak completely misses you. The yak gores you!
* * * LOW HITPOINT WARNING * * *
You bite the yak!
The yak looks even sicker.
The yak is almost dead.
The hound completely misses you. The yak completely misses you.
The yak misses you. The yak gores you!
* * * LOW HITPOINT WARNING * * *
The yak completely misses you. The hound barely misses you.
Use which ability? (? or * to list)
Your transformation has ended.
You fall off the wall.
Your +0 cloak unmelds from your body.
Your +1 pair of boots unmelds from your body.
Your +2 robe of positive energy unmelds from your body.
Your life force is being protected.
The hound misses you. The yak barely misses you. The yak gores you.
You die...
Kikubaaqudgha rasps: "You have failed me!
Welcome... death!"

### ###Y## #
##fYY@##.....
#...YYhj..>...
#f..#.Y#...P..
##. #...#..#.#
.. ..##...# ##
#... ..## .#..
..# ..#.f .
..#.##


You could see an agate snail, 6 yaks and a hound.

Vanquished Creatures
  Maud (Lair:4)
  3 death yaks
  3 hill giants (D:10)
  A black mamba (Lair:3)
  A griffon (Lair:3)
  An item mimic (Lair:2)
  A mermaid (Lair:4)
  3 komodo dragons
  2 spiny frogs (Lair:3)
  A queen bee (Lair:2)
  8 blink frogs (Lair:1)
  4 trapdoor spiders (Lair:3)
  20 yaks
  A deep elf fighter (D:10)
  A hippogriff (D:7)
  A hungry ghost (D:8)
  3 wolves (Lair:3)
  A manticore (D:9)
  2 molten gargoyles (D:9)
  Menkaure (D:7)
  A necrophage (D:8)
  2 phantoms
  4 ice beasts
  4 porcupines
  2 sky beasts
  2 black bears
  A centaur (D:7)
  4 ogres
  2 orc warriors (D:10)
  2 giant goldfish (Lair:4)
  Sigmund (D:3)
  2 giant slugs
  12 giant frogs
  6 crocodiles
  A big kobold (D:9)
  5 water moccasins
  2 agate snails
  33 killer bees
  3 wights (D:9)
  3 electric eels (Lair:4)
  A troll skeleton (D:8)
  A goliath beetle (D:6)
  5 crimson imps
  2 big fish (Lair:4)
  A centaur skeleton (D:5)
  9 hounds
  Crazy Yiuf (D:3)
  5 iguanas
  6 orc priests
  A giant frog skeleton (D:4)
  3 scorpions
  6 orc wizards
  7 worker ants
  An ogre zombie (D:9)
  The ghost of patman the Cudgeler, a weakling NaGl (D:3)
  Terence (D:2)
  3 gnolls (D:6)
  12 adders
  4 giant centipedes
  14 green rats
  An inept item mimic (D:4)
  2 giant mites
  4 worms
  A goliath beetle zombie (D:9)
  A scorpion zombie (D:7)
  An adder zombie (D:5)
  An iguana skeleton (D:9)
  2 giant eyeballs
  11 giant geckos
  2 oozes
  29 orcs
  26 bats
  A bat skeleton (D:4)
  6 giant cockroaches
  17 hobgoblins
  29 jackals
  21 kobolds
  6 quokkas
  3 giant newts
  2 giant spores
  2 gnoll skeletons
  12 goblins
  A goblin skeleton (D:4)
  A kobold skeleton (D:5)
  An orc skeleton (D:6)
  23 rats
  54 ballistomycetes
  2 plants
497 creatures vanquished.

Vanquished Creatures (collateral kills)
  Joseph (D:9)
  A blink frog (Lair:1)
  2 yaks (D:9)
  Edmund (D:7)
  2 molten gargoyles (D:9)
  An orc priest (D:3)
  A worker ant (D:9)
  An ogre zombie (D:10)
  A giant gecko (Lair:3)
  7 orcs
  A bat (D:7)
  A hobgoblin (D:8)
  3 jackals
  A quokka (D:4)
  A jackal zombie (D:6)
  3 kobolds
  4 rats (D:10)
  2 ballistomycetes
  A fungus (Lair:2)
35 creatures vanquished.

Vanquished Creatures (others)
  19 crimson imps
  22 iron imps
  26 lemures
  A green rat (Lair:1)
  18 white imps
  18 ufetubi
  An orc (D:6)
  5 giant spores
  3 ballistomycetes (D:9)
113 creatures vanquished.

Grand Total: 645 creatures vanquished

Notes
Turn   | Place    | Note
--------------------------------------------------------------
     0 | D:1      | Malachi, the Demonspawn Transmuter, began the quest for the Orb.
     0 | D:1      | Reached XP level 1. HP: 15/15 MP: 1/1
   149 | D:1      | Reached skill level 3 in Unarmed Combat
   309 | D:1      | Gained mutation: You are partially covered in yellow scales (AC +2). [demonic ancestry]
   309 | D:1      | Reached XP level 2. HP: 5/21 MP: 0/3
   313 | D:1      | Learned a level 2 spell: Sticks to Snakes
  1020 | D:1      | Gained mutation: A weak demonic guardian rushes to your aid. [demonic ancestry]
  1020 | D:1      | Reached XP level 3. HP: 26/26 MP: 2/4
  1464 | D:2      | Found a blossoming altar of Fedhas.
  1635 | D:2      | Noticed Terence
  1642 | D:2      | Learned a level 3 spell: Spider Form
  1661 | D:2      | Killed Terence
  1661 | D:2      | Reached XP level 4. HP: 16/32 MP: 1/6
  2984 | D:3      | Found a burning altar of Makhleb.
  2984 | D:3      | Noticed a cacodemon
  3027 | D:3      | Gained mutation: You can steal the life force of nearby defeated enemies. [demonic ancestry]
  3027 | D:3      | Reached XP level 5. HP: 37/37 MP: 7/7
  3095 | D:3      | Found a sparkling altar of Nemelex Xobeh.
  3114 | D:3      | Noticed Crazy Yiuf
  3133 | D:3      | Killed Crazy Yiuf
  3133 | D:3      | Reached skill level 4 in Unarmed Combat
  3484 | D:3      | Noticed patman's ghost (weakling NaGl)
  3506 | D:3      | Killed patman's ghost
  3741 | D:3      | Noticed Sigmund
  3752 | D:3      | Killed Sigmund
  3752 | D:3      | Reached skill level 1 in Poison Magic
  3752 | D:3      | Reached XP level 6. HP: 13/44 MP: 5/9
  4081 | D:4      | Found an ancient bone altar of Kikubaaqudgha.
  4100 | D:4      | Became a worshipper of Kikubaaqudgha
  5130 | D:4      | You fall through a shaft!
  5152 | D:8      | Noticed nOtime's ghost (experienced MiMo)
  5183 | D:8      | Gained mutation: You are mostly covered in yellow scales (AC +3). [demonic ancestry]
  5183 | D:8      | Reached XP level 7. HP: 49/49 MP: 6/10
  5248 | D:8      | Found a glowing silver altar of Zin.
  5299 | D:8      | Found a staircase to the Orcish Mines.
  5363 | D:8      | Reached skill level 5 in Unarmed Combat
  5944 | D:7      | Noticed Edmund
  5947 | D:7      | Noticed Menkaure
  5973 | D:7      | Killed Edmund
  5982 | D:7      | Killed Menkaure
  5982 | D:7      | Reached skill level 5 in Dodging
  5982 | D:7      | Reached XP level 8. HP: 31/56 MP: 1/12
  5985 | D:7      | Acquired Kikubaaqudgha's first power
  5985 | D:7      | Received a gift from Kikubaaqudgha
  5988 | D:7      | Identified Kikubaaqudgha's Collected Works on Sinister Arts (Kikubaaqudgha gifted it to you on level 7 of the Dungeon)
  6302 | D:5      | Entered Level 5 of the Dungeon
  6655 | D:5      | Found Pleaqesm's General Store.
  6979 | D:5      | Reached skill level 6 in Unarmed Combat
  7499 | D:6      | Reached skill level 5 in Transmutations
  7696 | D:6      | Reached XP level 9. HP: 50/62 MP: 13/13
  7838 | D:6      | Acquired Kikubaaqudgha's second power
  7990 | D:7      | Found a staircase to the Ecumenical Temple.
  8266 | D:7      | Reached skill level 7 in Unarmed Combat
  8535 | D:7      | Found a radiant altar of Vehumet.
  8714 | D:7      | Noticed a hippogriff
  8721 | D:7      | Killed a hippogriff
  8747 | D:7      | Reached skill level 1 in Necromancy
  8843 | D:8      | Noticed a necrophage
  8858 | D:8      | Killed a necrophage
  9101 | D:9      | Noticed Joseph
  9121 | D:9      | Killed Joseph
  9586 | D:9      | Gained mutation: You have large cloven feet. [demonic ancestry]
  9586 | D:9      | Reached XP level 10. HP: 30/69 MP: 10/15
 10321 | D:9      | Found a white marble altar of Elyvilon.
 10611 | D:9      | Reached skill level 8 in Dodging
 11375 | D:8      | Noticed a hungry ghost
 11391 | D:8      | Killed a hungry ghost
 11814 | D:8      | Received a gift from Kikubaaqudgha
 11817 | D:8      | Identified Kikubaaqudgha's Papyrus of Necromancy (Kikubaaqudgha gifted it to you on level 8 of the Dungeon)
 12718 | D:10     | Entered Level 10 of the Dungeon
 12816 | D:10     | Found a staircase to the Lair.
 12992 | D:10     | Noticed a hill giant
 13013 | D:10     | Killed a hill giant
 13067 | D:10     | Noticed a hill giant
 13080 | D:10     | Killed a hill giant
 13358 | D:10     | Paralysed by a giant eyeball for 2 turns
 13373 | D:10     | Paralysed by a giant eyeball for 3 turns
 13467 | D:10     | Noticed a hill giant
 13477 | D:10     | Killed a hill giant
 13477 | D:10     | Reached skill level 9 in Dodging
 13477 | D:10     | Reached skill level 5 in Necromancy
 13477 | D:10     | Gained mutation: You can steal the life force of defeated enemies. [demonic ancestry]
 13477 | D:10     | Reached XP level 11. HP: 27/76 MP: 16/16
 13752 | D:10     | Acquired Kikubaaqudgha's third power
 13944 | Lair:1   | Entered Level 1 of the Lair of Beasts
 13987 | Lair:1   | Got a smoking turquoise ring
 14169 | Lair:1   | Reached skill level 5 in Fighting
 14327 | Lair:1   | Identified the ring of Lehoh {+Blink +Fly rC++} (You found it on level 1 of the Lair of Beasts)
 14766 | Lair:2   | Acquired Kikubaaqudgha's fourth power
 14998 | Lair:2   | Learned a level 4 spell: Ice Form
 14998 | Lair:2   | Gained mutation: You have hoof-like feet. [demonic ancestry]
 14998 | Lair:2   | Reached XP level 12. HP: 83/83 MP: 18/18
 15773 | Lair:2   | Got a pitted amber ring
 16085 | Lair:2   | Gained mutation: You are resistant to hostile enchantments. [potion of beneficial mutation]
 16086 | Lair:2   | Gained mutation: You occasionally shout uncontrollably. [potion of mutation]
 16086 | Lair:2   | Gained mutation: Your vision is a little blurry. [potion of mutation]
 16086 | Lair:2   | Gained mutation: You are dopey. (Int -2) [potion of mutation]
 16100 | Lair:2   | Learned a level 4 spell: Animate Dead
 16140 | Lair:3   | Found a hole to the Spider Nest.
 16225 | Lair:3   | Reached skill level 10 in Dodging
 16412 | Lair:3   | Lost mutation: You are resistant to hostile enchantments. [potion of mutation]
 16412 | Lair:3   | Gained mutation: You sometimes yell uncontrollably. [potion of mutation]
 16712 | Lair:3   | Found an iron altar of Okawaru.
 17657 | Lair:4   | Noticed Maud
 17707 | Lair:4   | Killed Maud
 17707 | Lair:4   | Reached XP level 13. HP: 40/90 MP: 11/21
 18102 | Lair:4   | Found a staircase to the Shoals.
 18261 | Lair:5   | Found a staircase to the Shoals.
 19016 | Lair:5   | HP: 1/90 [yak (10)]
 19017 | Lair:5   | Slain by a yak

Action                   |  1- 3 |  4- 6 |  7- 9 | 10-12 | 13-15 || total
-------------------------+-------+-------+-------+-------+-------++-------
Melee: Unarmed           |   157 |   309 |   602 |  1276 |   134 ||  2478
       Demon trident     |       |       |       |       |     6 ||     6
Throw: Tomahawk          |     5 |       |     4 |     2 |       ||    11
 Cast: Beastly Appendage |    24 |    32 |    46 |    58 |     3 ||   163
       Sticks to Snakes  |     2 |     2 |    23 |    27 |     8 ||    62
       Spider Form       |       |     5 |    14 |    32 |     4 ||    55
       Ice Form          |       |       |       |     6 |     1 ||     7
 Abil: End Transformatio |       |     2 |     7 |    19 |     4 ||    32
Evoke: Wand              |       |       |     1 |     9 |    32 ||    42
  Use: Scroll            |       |    18 |    10 |    16 |       ||    44
       Potion            |       |       |     4 |    11 |       ||    15
 Stab: Distracted        |     1 |     1 |     3 |     7 |     1 ||    13
       Sleeping          |       |     1 |       |     2 |       ||     3
